Map: Fear and Faith LE

Players

Jackpepper

  • Race: Terran Terran
  • League: Gold

Warlego - Winner!

  • Race: Terran Terran

VOD

Have the link to the VOD?

Description

A failed triple barracks rush with a fun reaper attack and last minute hold. Around 10 minutes and gold to platinum level.

Time

  • Played on: Aug. 12, 2026, 8:22 a.m.
  • Length: 14:45
Show
View Real Time Build Order
Export as new Build Order

Jackpepper Terran 

Build Orders:  

Get SALT Encoding   

  8  0:00  SCV  
  9  0:13  SCV  
  10  0:27  Supply Depot  
  10  0:30  SCV  
  11  0:42  SCV  
  12  0:55  SCV  
  13  1:07  SCV  
  14  1:19  Barracks  
  14  1:24  Barracks  
  14  1:30  SCV  
  15  1:42  SCV  
  16  1:55  Barracks  
  16  2:18  Marine x2  
  18  2:23  SCV  
  19  2:34  Refinery, Supply Depot  
  19  2:37  Marine x2  
  19  2:41  Supply Depot  
  21  2:55  Marine  
  21  2:58  Bunker  
  22  3:03  Marine  
  22  3:27  Supply Depot, SCV  
  23  3:38  Marine x2  
  14  5:36  Marine  
  15  5:47  SCV  
  16  6:08  Marine x2  
  18  6:15  SCV  
  19  6:27  SCV  
  19  6:43  Bunker  
  19  6:46  SCV  
  19  7:15  SCV  
  20  7:32  Command Center  
  20  7:37  SCV  
  21  8:00  Factory  
  13  9:05  SCV  
  12  9:15  Factory  
  10  9:17  SCV  
  11  9:29  SCV  
  12  9:49  SCV  
  13  9:55  Refinery  
  13  10:15  Factory Tech Lab  
  13  10:23  SCV  
  14  10:46  Siege Tank  
  17  11:00  SCV  
  18  11:13  SCV  
  19  11:43  Siege Tank  
  20  12:02  Engineering Bay  
Show
View Real Time Build Order
Export as new Build Order

Warlego Terran - Winner!

Build Orders: Reaper Expand 

Get SALT Encoding   

  8  0:01  SCV  
  9  0:13  SCV  
  10  0:24  Supply Depot  
  10  0:30  SCV  
  11  0:42  SCV  
  12  0:55  Barracks  
  12  0:58  SCV  
  13  1:10  Refinery  
  13  1:13  SCV  
  14  1:25  SCV  
  15  1:37  SCV  
  16  1:52  Reaper  
  17  1:59  Supply Depot  
  17  2:02  Orbital Command  
  17  2:28  SCV  
  17  2:29  Command Center  
  18  2:32  Reaper  
  19  2:50  SCV  
  19  2:51  Factory  
  19  3:23  Barracks Reactor  
  19  3:27  Refinery  
  19  3:42  Factory Tech Lab  
  19  3:43  Orbital Command  
  19  3:44  SCV  
  20  3:56  SCV  
  20  4:02  Siege Tank  
  24  4:04  Marine x2  
  12  4:29  Marine x2  
  10  4:39  SCV  
  11  4:52  SCV  
  12  5:23  Marine x2  
  12  5:25  SCV  
  12  5:26  SCV  
  15  5:39  Cyclone  
  18  5:48  Marine x2  
  20  5:51  SCV  
  21  6:03  SCV  
  22  6:06  Marine x2  
  24  6:12  SCV  
  24  6:15  SCV  
  26  6:24  SCV, Marine x2  
  29  6:27  SCV  
  29  6:30  Orbital Command  
  29  6:34  Siege Tank  
  31  7:09  Marine  
  31  7:10  Marine  
  31  7:14  SCV  
  34  7:17  SCV  
  35  7:26  SCV  
  35  7:29  SCV  
  37  7:30  Marine x2  
  37  7:34  Siege Tank  
  42  7:48  Marine x2  
  42  7:49  SCV x2  
  46  7:52  Supply Depot  
  46  7:56  Supply Depot  
  46  8:01  SCV x2  
  48  8:06  Marine x2  
  45  8:13  SCV x2  
  41  8:24  Marine  
  41  8:25  Marine  
  43  8:42  Marine  
  43  8:43  Marine  
  43  8:48  SCV  
  46  8:50  Siege Tank  
  46  8:52  SCV  
  50  9:00  SCV, Marine x2  
  53  9:04  SCV  
  54  9:12  SCV  
  54  9:16  SCV  
  56  9:18  Marine  
  57  9:28  SCV  
  58  9:37  Starport  
  58  9:40  SCV, Siege Tank  
  58  9:42  Marine x2  
  64  9:52  SCV  
  65  10:00  Marine x2  
  67  10:17  Marine  
  67  10:18  Marine, Viking  
  67  10:21  SCV  
  72  10:33  Supply Depot x2  
  72  10:34  Supply Depot  
  72  10:35  Marine  
  72  10:36  Marine  
  72  10:37  Supply Depot  
  74  10:51  Command Center  
  74  10:54  Marine, Siege Tank  
  78  11:01  Command Center, Viking  
  80  11:07  Refinery  
  80  11:10  Refinery  
  80  11:13  Engineering Bay  
  80  11:19  Marine x2  
  80  11:20  Barracks  
  80  11:21  Barracks  
  80  11:24  Barracks  
  82  11:31  Viking  
  84  11:37  Marine x2  
  85  11:55  Marine  
  86  12:54  Planetary Fortress  
  86  12:59  Planetary Fortress  
  86  13:11  Barracks Tech Lab  
  86  13:12  Barracks Tech Lab  
  86  13:45  Starport Reactor  
  86  13:49  Barracks Reactor  
  86  13:52  Marine x3  
  86  13:53  Marine  
  86  14:10  Reaper, Marine  
  86  14:11  Marauder x2  
Tags
 
Add a new tag
Caveats
  • Supply blocks, unpowered buildings, or Contaminate may cause inaccurate times.
  • Supply counts are checked every 10 seconds.